 Dungeon Crawl Stone Soup version 0.23.2 (webtiles) character file.

Game seed: 9878830441319000917

3363 Borgoz the Covered (level 10, -4/84 HPs)
             Began as a Ghoul Fighter on Apr 5, 2019.
             Was a Follower of Ashenzari.
             Killed from afar by Erica (35 damage)
             ... with an orb of energy
             ... on level 8 of the Dungeon.
             The game lasted 00:11:39 (6587 turns).

Borgoz the Covered (Ghoul Fighter)                  Turns: 6587, Time: 00:11:40

Health: -4/84      AC: 10    Str: 21    XL:     10   Next: 3%
Magic:  9/9        EV: 13    Int:  7    God:    Ashenzari [*.....]
Gold:   549        SH:  0    Dex: 13    Spells: 9/9 levels left

rFire    . . .     SeeInvis .   a - +3 dagger (elec)
rCold    + . .     Gourm    .   (no shield)
rNeg     + + +     Faith    .   k - +0 scale mail
rPois    ∞         Spirit   .   (no helmet)
rElec    .         Reflect  .   t - +1 cloak
rCorr    .         Harm     .   (no gloves)
MR       .....                  (no boots)
Stlth    ..........             (no amulet)
HPRegen  0.00/turn              e - +3 ring of intelligence
MPRegen  0.11/turn              x - +3 ring of dexterity

@: rotting
A: rotting body, claws 1, carnivore, cold resistance 1, negative energy
resistance 3, inhibited regeneration, torment resistance, unbreathing
a: Curse Item, Scrying, Renounce Religion


You were on level 8 of the Dungeon.
You worshipped Ashenzari.
Ashenzari was aware of your devotion.
You were not hungry.

You visited 2 branches of the dungeon, and saw 9 of its levels.

You collected 549 gold pieces.

Inventory:

Hand Weapons
 a - a +3 dagger of electrocution (weapon)
 b - a +3 dagger of venom
 d - a +0 hand crossbow
 i - a +4 dagger
 l - a +0 rapier
Missiles
 w - 5 tomahawks (quivered)
Armour
 c - a +0 shield
 k - a +0 scale mail (worn)
 t - a +1 cloak (worn)
Jewellery
 e - a +3 ring of intelligence (left claw)
 u - an uncursed ring of stealth
 x - a +3 ring of dexterity (right claw)
Wands
 m - a wand of digging (3)
 y - a wand of iceblast (14)
 z - a wand of scattershot (4)
Scrolls
 g - 2 scrolls of enchant weapon
 h - 6 scrolls of remove curse
 n - 2 scrolls of enchant armour
 o - a scroll of teleportation
 p - 7 scrolls of identify
 v - 3 scrolls of magic mapping
 A - a scroll of acquirement {unknown}
 B - 2 scrolls of blinking {unknown}
Potions
 j - 5 potions of curing
Comestibles
 f - 18 rations


   Skills:
 + Level 6.6 Fighting
 * Level 7.1 Short Blades
 * Level 7.3 Armour
 * Level 6.5 Dodging
 - Level 2.6 Shields


You had 9 spell levels left.
You didn't know any spells.
Your spell library contained the following spells:

 Spells                   Type           Power        Failure   Level  Hunger
 Animate Skeleton         Necr           N/A          75%         1    ##.....
 Apportation              Tloc           #.....       75%         1    ##.....
 Confusing Touch          Hex            #.....       75%         1    ##.....
 Sting                    Conj/Pois      #...         75%         1    ##.....
 Summon Small Mammal      Summ           #...         75%         1    ##.....
 Poisonous Vapours        Pois/Air       #.....       86%         2    ###....
 Mephitic Cloud           Conj/Pois/Air  #.......     98%         3    ####...
 Olgreb's Toxic Radiance  Pois           #.......     100%        4    #####..
 Venom Bolt               Conj/Pois      #.........   100%        5    ######.


Dungeon Overview and Level Annotations

Branches:
Dungeon (8/15)             Temple (1/1) D:5
   Lair: D:8-11

Altars:
Ashenzari
Cheibriados
Dithmenos
Elyvilon
Fedhas
Gozag
Hepliaklqana
Kikubaaqudgha
Makhleb
Nemelex Xobeh
Okawaru
Qazlal
Ru
Sif Muna
Trog
Uskayaw
Vehumet
Wu Jian
Xom
Yredelemnul
Zin
The Shining One

Shops:
D:4 *

Annotations:
D:4 1 runed translucent door
D:8 Erica


Innate Abilities, Weirdness & Mutations

Your body is rotting away.
You thrive on raw meat.
You are immune to poison.
You have sharp fingernails.
You are carnivorous and can eat meat at any time.
Your flesh is cold resistant. (rC+)
You are immune to negative energy. (rN+++)
You do not regenerate when monsters are visible.
You are immune to unholy pain and torment.
You can survive without breathing.


Message History

a - a +3 dagger of electrocution (weapon)
You completely miss something. Something hits you!
* * * LOW HITPOINT WARNING * * *
Something burns you.
* * * LOW HITPOINT WARNING * * *
You feel much better. Something hits you. Something burns you.
You miss something. You barely miss something. Something barely misses you.
You closely miss something. You hit something.
Something hits you but does no damage.
You hit something. Lightning courses through something!
You barely miss something. Something hits you. Something burns you.
You miss something. You miss something. Something hits you but does no damage.
You hit something. You barely miss something.
You hear some strange, mumbled words.
An orb of energy appears from out of thin air!
The orb of energy hits you!!
You die...

#.......#
##.######...
#.......# ##..#
#..... #.......#
#..## #.##..
######### ##.##
#.##.# ####..#
###)##.# ##....##
#...##.# #..####
#.###..# #.##
#.....## #@#
#####..#####
#...{#####...........
#.##.........#..#..#.
.. ..#######.#.###...
## ### #.#..#..#.
#......### ##.##.## #
#†#...### #...#..#.


There were no monsters in sight!

Vanquished Creatures
  A two-headed ogre (D:7)
  Sigmund (D:5)
  A hungry ghost (D:6)
  Edmund (D:5)
  A sky beast (D:5)
  5 ogres
  An ice beast (D:6)
  3 black bears
  A phantom (D:6)
  A crocodile (D:8)
  A big kobold (D:5)
  A bullfrog (D:6)
  4 wights (D:7)
  2 howler monkeys
  2 crimson imps (D:5)
  2 centaur skeletons (D:4)
  4 hounds
  4 orc priests
  Crazy Yiuf (D:2)
  A bullfrog skeleton (D:5)
  Ijyb (D:5)
  2 iguanas
  6 orc wizards
  2 worker ants
  A gnoll (D:1)
  6 adders
  2 shadow imps
  An ooze (D:6)
  2 adder zombies
  2 worms
  3 dart slugs
  4 leopard geckos
  20 orcs
  6 ball pythons
  10 bats
  4 giant cockroaches
  4 goblins
  12 hobgoblins
  12 jackals
  A quokka (D:4)
  8 frilled lizards
  A jackal skeleton (D:4)
  A jackal zombie (D:5)
  10 kobolds
  A leopard gecko skeleton (D:5)
  A quokka skeleton (D:6)
  4 rats
165 creatures vanquished.

Notes
Turn   | Place    | Note
-------+----------+-------------------------------------------
     0 | D:1      | Borgoz the Ghoul Fighter began the quest for the Orb.
     0 | D:1      | Reached XP level 1. HP: 19/19 MP: 0/0
   216 | D:1      | Reached XP level 2. HP: 18/26 MP: 1/1
   555 | D:1      | Reached skill level 1 in Dodging
   555 | D:1      | Reached XP level 3. HP: 17/29 MP: 2/2
   974 | D:2      | Found a runed translucent door.
   975 | D:2      | Noticed Crazy Yiuf
  1073 | D:2      | Reached XP level 4. HP: 32/38 MP: 3/3
  1340 | D:2      | Reached XP level 5. HP: 19/46 MP: 4/4
  1813 | D:2      | Killed Crazy Yiuf
  3085 | D:4      | Found Keach's Assorted Antiques.
  3106 | D:4      | Found a glowing silver altar of Zin.
  3106 | D:4      | Noticed an angel
  3107 | D:4      | Found a runed translucent door.
  3108 | D:4      | Noticed an ogre
  3113 | D:4      | Reached XP level 6. HP: 40/52 MP: 5/5
  3659 | D:4      | Reached XP level 7. HP: 47/60 MP: 6/6
  4021 | D:5      | Entered Level 5 of the Dungeon
  4051 | D:5      | Noticed Sigmund
  4056 | D:5      | Noticed Edmund
  4080 | D:5      | Killed Edmund
  4080 | D:5      | Reached skill level 5 in Armour
  4094 | D:5      | Killed Sigmund
  4094 | D:5      | Reached XP level 8. HP: 56/67 MP: 7/7
  4113 | D:5      | Found a staircase to the Ecumenical Temple.
  4135 | Temple   | Entered the Ecumenical Temple
  4245 | Temple   | Became a worshipper of Ashenzari the Shackled
  4317 | D:5      | Reached skill level 5 in Fighting
  4384 | D:5      | Found a sparkling altar of Nemelex Xobeh.
  4459 | D:5      | Noticed Ijyb
  4471 | D:5      | Killed Ijyb
  4561 | D:5      | Reached skill level 5 in Short Blades
  5086 | D:6      | Reached skill level 5 in Dodging
  5134 | D:6      | Reached XP level 9. HP: 67/74 MP: 8/8
  5653 | D:7      | Noticed a two-headed ogre
  5668 | D:7      | Killed a two-headed ogre
  5876 | D:7      | Reached * piety under Ashenzari
  6170 | D:8      | Found a sacrificial altar of Ru.
  6306 | D:8      | Reached XP level 10. HP: 67/84 MP: 9/9
  6558 | D:8      | Noticed Erica
  6587 | D:8      | Killed from afar by Erica

Skill      XL: |  1  2  3  4  5  6  7  8  9 |
---------------+----------------------------+-----
Short Blades   | 2 3 4 5 7 |  7.1
Armour         | 3 4 5 6 7 |  7.3
Dodging        | 1 2 3 4 5 6 |  6.5
Fighting       | 4 5 6 |  6.6
Shields        | |  2.6

Action                   |  1- 3 |  4- 6 |  7- 9 | 10-12 || total
-------------------------+-------+-------+-------+-------++-------
Melee: Rapier            |    18 |       |       |       ||    18
       Dagger            |    77 |   208 |   337 |    33 ||   655
Evoke: Wand              |       |       |     3 |       ||     3
  Use: Scroll            |       |     9 |     4 |       ||    13
       Potion            |       |     3 |     6 |     1 ||    10
  Eat: Chunk             |     4 |    10 |    26 |       ||    40
Armor: Scale mail        |    36 |    79 |   121 |     6 ||   242
Dodge: Dodged            |    35 |    95 |   175 |     4 ||   309
